[Event "December 5 Late 2023"]
[Site "https://www.chess.com"]
[Date "2023.12.05"]
[Round "1"]
[White "Ventura Bolet, Maxim"]
[Black "Henriquez Villagra, Cristobal"]
[Result "0-1"]
[Board "24"]
[TimeControl "180+1"]
[WhiteFideId "22238824"]
[BlackFideId "3409350"]
[WhiteElo "2483"]
[BlackElo "2995"]
[WhiteTeam "ESP"]
[BlackTeam "CHI"]
[WhiteClock "0:00:08"]
[BlackClock "0:01:48"]

1. Nf3 d6 2. g3 e5 3. d4 e4 4. Nfd2 f5 5. Bg2 Nf6 6. c4 c6 7. Nc3 Be7 8. f3 d5 9. cxd5 cxd5 10. fxe4 fxe4 11. O-O Nc6 12. e3 Be6 13. Ndxe4 dxe4 14. Nxe4 O-O 15. Nxf6+ Rxf6 16. Bd2 Bd5 17. e4 Bc4 18. Rxf6 Bxf6 19. d5 Qb6+ 20. Kh1 Qxb2 21. Rb1 Qxa2 22. dxc6 bxc6 23. Bf4 Rd8 24. Qc1 Qe2 25. e5 Be7 26. Bxc6 Rd5 27. Qg1 Qe4+ 28. Qg2 Qxb1+ 29. Qg1 Qe4+ 0-1

[Event "December 5 Late 2023"]
[Site "https://www.chess.com"]
[Date "2023.12.05"]
[Round "1"]
[White "Terry, Renato"]
[Black "Tabuenca Mendataurigoitia, Daniel"]
[Result "1-0"]
[Board "25"]
[TimeControl "180+1"]
[WhiteFideId "3803457"]
[BlackFideId "24563617"]
[WhiteElo "2982"]
[BlackElo "2482"]
[WhiteTeam "PER"]
[BlackTeam "ESP"]
[WhiteClock "0:00:37"]
[BlackClock "0:00:04"]

1. d4 d6 2. Nf3 Nf6 3. Bg5 g6 4. Nbd2 Bg7 5. c3 O-O 6. e4 c5 7. dxc5 dxc5 8. Bc4 Nc6 9. Qe2 h6 10. Bh4 Nd7 11. O-O Qc7 12. Bg3 Qb6 13. Bb3 a6 14. Nc4 Qa7 15. a4 Nb6 16. a5 Nxc4 17. Bxc4 b5 18. axb6 Qxb6 19. h3 a5 20. Rfd1 Ba6 21. Nd2 Bxc4 22. Nxc4 Qb7 23. Rd2 Rfd8 24. Rxd8+ Rxd8 25. Nxa5 Nxa5 26. Rxa5 c4 27. Ra4 Rc8 28. e5 Qd5 29. Kh2 e6 30. Rb4 Bf8 31. Ra4 Qb5 32. Qc2 Rb8 33. Ra2 Rd8 34. Bf4 Rd3 35. Qa4 Qd5 36. Qe8 g5 37. Ra8 Qc5 38. Rc8 Qxf2 39. Qxf8+ Kh7 40. Qxf7# 1-0

[Event "December 5 Late 2023"]
[Site "https://www.chess.com"]
[Date "2023.12.05"]
[Round "1"]
[White "NovakRatko"]
[Black "Drygalov, Sergey"]
[Result "0-1"]
[Board "26"]
[TimeControl "180+1"]
[BlackFideId "24171743"]
[WhiteElo "2480"]
[BlackElo "2982"]
[BlackTeam "RUS"]
[WhiteClock "0:00:10"]
[BlackClock "0:00:55"]

1. d4 Nf6 2. c4 e6 3. a3 b6 4. d5 b5 5. dxe6 fxe6 6. cxb5 a6 7. Nc3 axb5 8. Nxb5 d5 9. e4 c6 10. e5 Ne4 11. Nc3 Nxc3 12. bxc3 Qa5 13. Qc2 Nd7 14. Bd3 Nxe5 15. Ne2 Nxd3+ 16. Qxd3 Ba6 17. Qe3 Kd7 18. O-O Bc5 19. Qd2 Rhf8 20. Bb2 Qb5 21. Rae1 Qd3 22. Qg5 Qg6 23. Bc1 Qxg5 24. Bxg5 e5 25. Be3 Bxa3 26. f4 Rae8 27. f5 Bd3 28. g4 d4 29. Bd2 h5 30. h3 hxg4 31. hxg4 Rh8 32. cxd4 exd4 33. Rf2 Rh4 34. Rg2 Be4 35. Rg3 Bc5 36. Nc1 d3+ 37. Be3 d2 38. Rd1 Bd5 39. Bxc5 Rh1+ 40. Kf2 Rxd1 41. Nd3 Rf1+ 42. Kxf1 d1=Q+ 43. Kf2 Re2# 0-1

[Event "December 5 Late 2023"]
[Site "https://www.chess.com"]
[Date "2023.12.05"]
[Round "1"]
[White "Martinez Alcantara, Jose Eduardo"]
[Black "Makaraci, Tunahan"]
[Result "0-1"]
[Board "27"]
[TimeControl "180+1"]
[WhiteFideId "3805662"]
[BlackFideId "6356559"]
[WhiteElo "2981"]
[BlackElo "2480"]
[WhiteTeam "PER"]
[BlackTeam "TUR"]
[WhiteClock "0:00:25"]
[BlackClock "0:00:03"]

1. e4 Nf6 2. e5 Nd5 3. d4 d6 4. Nf3 g6 5. h3 Bg7 6. exd6 cxd6 7. c4 Nb6 8. Be3 O-O 9. Nc3 Nc6 10. Rc1 Bf5 11. b3 d5 12. c5 Nc8 13. Be2 Be4 14. O-O Bxf3 15. Bxf3 e6 16. Qd2 N8e7 17. Ne2 Nf5 18. Bg4 Nxe3 19. Qxe3 Qf6 20. Rfd1 a5 21. a3 Rfe8 22. f4 h5 23. Bf3 Bh6 24. Rf1 Rab8 25. Kh1 b5 26. Rcd1 b4 27. a4 h4 28. Bg4 Kg7 29. Qd3 Ne7 30. Rde1 Nf5 31. Kh2 Kh7 32. Rd1 Bg7 33. Qd2 Rbd8 34. Rf3 Nh6 35. Rd3 Nf5 36. Ng1 Ng3 37. Nf3 Ne4 38. Qe3 Bh6 39. Ng5+ Nxg5 40. fxg5 Bxg5 41. Qe2 Bf4+ 42. Kh1 e5 43. dxe5 Rxe5 44. Qf1 Qg5 45. c6 f5 46. Bf3 Qg3 47. Qg1 d4 48. c7 Rc8 49. Bb7 Re3 50. Bxc8 Rxd3 51. Rf1 Rc3 52. Bxf5 gxf5 53. c8=Q Rxc8 54. Rf3 Qg5 55. Rf1 Rc3 56. Re1 Qg3 57. Rf1 Rc2 58. Rf3 Qg5 59. Rf1 Be3 60. Qh2 f4 61. g4 hxg3 62. Qg2 d3 63. Qe4+ Qg6 64. Qe7+ Kh6 65. Qh4+ Kg7 66. Qe7+ Qf7 67. Qg5+ Kh7 68. Qh4+ Kg6 69. Qg4+ Kf6 70. Qh4+ Ke5 71. Qg5+ Qf5 72. Qe7+ Kd4 73. Qg7+ Qe5 74. Qa7+ Kc3 75. Qb8 Qxb8 76. Rxf4 Rh2# 0-1

[Event "December 5 Late 2023"]
[Site "https://www.chess.com"]
[Date "2023.12.05"]
[Round "1"]
[White "Keleberda, Tymur"]
[Black "Bok, Benjamin"]
[Result "0-1"]
[Board "28"]
[TimeControl "180+1"]
[WhiteFideId "14174294"]
[BlackFideId "1017063"]
[WhiteElo "2479"]
[BlackElo "2975"]
[WhiteTeam "CAN"]
[BlackTeam "NED"]
[WhiteClock "0:00:00"]
[BlackClock "0:01:18"]

1. e4 c5 2. Nf3 d6 3. c3 Nf6 4. h3 Nc6 5. Bd3 d5 6. e5 Nd7 7. Bb5 Qb6 8. Bxc6 Qxc6 9. d4 b6 10. O-O a5 11. Re1 e6 12. a4 Ba6 13. Bf4 Be7 14. Nbd2 O-O 15. Nf1 Rfc8 16. Ng3 b5 17. dxc5 Nxc5 18. Nd4 Qb6 19. axb5 Bxb5 20. Re3 Bc4 21. Nh5 Ne4 22. Qg4 g6 23. f3 Qxb2 24. Rae1 Qf2+ 25. Kh2 Qh4 26. fxe4 Qxh5 27. Qxh5 gxh5 28. exd5 Bxd5 29. Nb5 h4 30. Nd6 Rcb8 31. Ra1 Rb2 0-1

[Event "December 5 Late 2023"]
[Site "https://www.chess.com"]
[Date "2023.12.05"]
[Round "1"]
[White "Drozdowski, Kacper"]
[Black "Coca, Cristi-Iulian"]
[Result "1-0"]
[Board "29"]
[TimeControl "180+1"]
[WhiteFideId "1136720"]
[BlackFideId "1237004"]
[WhiteElo "2975"]
[BlackElo "2474"]
[WhiteTeam "POL"]
[BlackTeam "ROU"]
[WhiteClock "0:00:11"]
[BlackClock "0:00:09"]

1. e4 c5 2. Nf3 e6 3. d4 cxd4 4. Nxd4 a6 5. Bd3 Bc5 6. Nb3 Ba7 7. Qg4 Nf6 8. Qg3 d6 9. Nc3 Nbd7 10. Qxd6 Ng4 11. Nd1 Qf6 12. Qg3 h5 13. Bf4 g5 14. Bd6 e5 15. Bb4 Nb8 16. h3 h4 17. Qf3 Qxf3 18. gxf3 Nf6 19. Ne3 Nc6 20. Bc3 Bxe3 21. fxe3 Nh5 22. O-O-O f6 23. Nd2 Be6 24. Nc4 Bxc4 25. Bxc4 Ke7 26. Rd2 Rad8 27. Rxd8 Rxd8 28. a4 Ng3 29. Rd1 Rxd1+ 30. Kxd1 Nh1 31. Be1 Kd6 32. Bd5 Ne7 33. Bxb7 a5 34. Ke2 Kc7 35. Ba6 Kb6 36. Bc4 f5 37. exf5 Nxf5 38. Be6 Nhg3+ 39. Kd3 Nd6 40. Bg4 e4+ 41. fxe4 Ndxe4 42. Bxg3 Nxg3 43. c3 Kc5 44. b3 Nf1 45. Bc8 Nh2 46. Ke4 Nf1 47. Be6 Nd2+ 48. Kf5 Kd6 49. Bg8 Nf3 50. Kg4 Ne5+ 51. Kxg5 Nf3+ 52. Kg4 Ng1 53. Kxh4 Ne2 54. Bc4 Nxc3 55. Kg5 Ke5 56. h4 Ne4+ 57. Kg6 Nf6 58. h5 Ng8 59. Bxg8 1-0

[Event "December 5 Late 2023"]
[Site "https://www.chess.com"]
[Date "2023.12.05"]
[Round "1"]
[White "Ladan, Nicholas"]
[Black "Drygalov, Andrey"]
[Result "0-1"]
[Board "30"]
[TimeControl "180+1"]
[WhiteFideId "30918855"]
[BlackFideId "24171735"]
[WhiteElo "2474"]
[BlackElo "2962"]
[WhiteTeam "USA"]
[BlackTeam "RUS"]
[WhiteClock "0:00:17"]
[BlackClock "0:01:38"]

1. d4 Nf6 2. Nf3 d5 3. g3 e6 4. Bg2 Be7 5. O-O O-O 6. c4 Nbd7 7. Qc2 c6 8. Nbd2 b6 9. e4 Ba6 10. b3 Rc8 11. Rd1 c5 12. exd5 exd5 13. dxc5 Bxc5 14. Bb2 Ng4 15. Nd4 Nde5 16. Bxd5 Bxd4 17. Bxd4 Qxd5 18. Qxh7+ Kxh7 19. cxd5 Rfe8 20. f3 Nf6 21. f4 Ned7 22. Nf3 Rc2 23. Ne5 Nxe5 24. Bxe5 Ng4 25. d6 Nxe5 26. fxe5 Rxe5 27. d7 Ree2 28. d8=Q Rg2+ 29. Kh1 Rxh2+ 30. Kg1 Rcg2# 0-1

[Event "December 5 Late 2023"]
[Site "https://www.chess.com"]
[Date "2023.12.05"]
[Round "1"]
[White "Khismatullin, Denis"]
[Black "Dobre, Claudiu-Cristian"]
[Result "0-1"]
[Board "31"]
[TimeControl "180+1"]
[WhiteFideId "4142578"]
[BlackFideId "1211854"]
[WhiteElo "2943"]
[BlackElo "2474"]
[WhiteTeam "RUS"]
[BlackTeam "ROU"]
[WhiteClock "0:00:00"]
[BlackClock "0:00:05"]

1. c4 Nf6 2. Nc3 c6 3. e4 d5 4. cxd5 cxd5 5. e5 d4 6. exf6 dxc3 7. bxc3 exf6 8. d4 Nc6 9. Bb5 Bd7 10. Nf3 Bd6 11. Qe2+ Qe7 12. Qxe7+ Nxe7 13. a4 Rc8 14. Bd2 Nd5 15. O-O a6 16. Rfe1+ Kd8 17. Bxd7 Kxd7 18. Reb1 Rc7 19. c4 Rxc4 20. Rxb7+ Rc7 21. Rab1 Rc8 22. Kf1 Rxb7 23. Rxb7+ Rc7 24. Rb3 Rc2 25. g3 Kc6 26. h4 h5 27. a5 Bc7 28. Ra3 Kb5 29. Ke2 Kc4 30. Kd1 Rb2 31. Kc1 Rb3 32. Rxb3 Kxb3 33. Ne1 Ka4 34. Nd3 Bxa5 35. Nc5+ Kb5 36. Bxa5 Kxa5 37. Kc2 Kb5 38. Kb3 a5 39. Nb7 a4+ 40. Ka3 Kc4 41. Nd6+ Kxd4 42. Kxa4 Kd3 43. Kb5 Ke2 44. f4 Kf3 45. f5 Kxg3 46. Kc6 Ne3 47. Kd7 Kg4 48. Ke8 Nxf5 49. Ne4 Kxh4 50. Kxf7 Kg4 51. Kg6 h4 52. Nf2+ Kf3 53. Nh3 Kg3 54. Ng1 Nd4 55. Kxg7 f5 56. Kf6 f4 57. Ke5 Nf3+ 0-1

[Event "December 5 Late 2023"]
[Site "https://www.chess.com"]
[Date "2023.12.05"]
[Round "1"]
[White "Senft, Sean"]
[Black "Grigoriants, Sergey"]
[Result "1-0"]
[Board "32"]
[TimeControl "180+1"]
[WhiteFideId "2044960"]
[BlackFideId "4130804"]
[WhiteElo "2473"]
[BlackElo "2940"]
[WhiteTeam "USA"]
[BlackTeam "HUN"]
[WhiteClock "0:00:36"]
[BlackClock "0:00:02"]

1. d4 Nf6 2. c4 g6 3. Nc3 d5 4. Bg5 Ne4 5. Bh4 g5 6. Bg3 h5 7. Nxe4 dxe4 8. h4 e5 9. Qd2 Nc6 10. O-O-O exd4 11. hxg5 Bf5 12. Qf4 Bg6 13. Qxc7 Qxc7 14. Bxc7 Rc8 15. Bg3 b5 16. e3 d3 17. cxb5 Nd4+ 18. Kb1 Nxb5 19. f3 Bg7 20. fxe4 Rc2 21. Bxd3 Rxb2+ 22. Kc1 Rxa2 23. Bxb5+ Ke7 24. Bd6+ Kd8 25. Be5+ 1-0

[Event "December 5 Late 2023"]
[Site "https://www.chess.com"]
[Date "2023.12.05"]
[Round "1"]
[White "Kamsky, Gata"]
[Black "Filali, Razzouki Marouane"]
[Result "1-0"]
[Board "33"]
[TimeControl "180+1"]
[WhiteFideId "2000024"]
[BlackFideId "9003720"]
[WhiteElo "2939"]
[BlackElo "2470"]
[WhiteTeam "USA"]
[BlackTeam "MAR"]
[WhiteClock "0:00:51"]
[BlackClock "0:00:07"]

1. d4 Nf6 2. Bf4 e6 3. e3 d5 4. Nf3 a6 5. Nbd2 c5 6. c3 Nc6 7. Bd3 Bd6 8. Ne5 O-O 9. Nxc6 bxc6 10. Bxd6 Qxd6 11. Qa4 Bd7 12. Qa3 Rab8 13. Nb3 e5 14. Nxc5 a5 15. h3 Rfe8 16. O-O e4 17. Be2 g5 18. Rab1 Bc8 19. b4 g4 20. h4 Nh5 21. bxa5 Ra8 22. a6 Qf6 23. g3 Qd6 24. Kg2 f5 25. Qc1 Rf8 26. Rb6 Ra7 27. c4 f4 28. exf4 Rxf4 29. Qe3 Raf7 30. cxd5 Rf3 31. Qg5+ Ng7 32. Rxc6 Qf8 33. Nxe4 Bb7 34. axb7 1-0

[Event "December 5 Late 2023"]
[Site "https://www.chess.com"]
[Date "2023.12.05"]
[Round "1"]
[White "Mizzi, Jack"]
[Black "Svane, Frederik"]
[Result "0-1"]
[Board "34"]
[TimeControl "180+1"]
[WhiteFideId "5602521"]
[BlackFideId "12923044"]
[WhiteElo "2466"]
[BlackElo "2932"]
[WhiteTeam "MLT"]
[BlackTeam "GER"]
[WhiteClock "0:00:00"]
[BlackClock "0:01:09"]

1. d4 Nf6 2. c4 e6 3. g3 d5 4. Bg2 Be7 5. Nf3 O-O 6. O-O Nbd7 7. Nbd2 c6 8. Qc2 b6 9. e4 Bb7 10. e5 Ne8 11. cxd5 cxd5 12. h4 Rc8 13. Qb1 Nc7 14. Rd1 Ba6 15. Bf1 Bxf1 16. Nxf1 Nb8 17. Ng5 Bxg5 18. hxg5 Nc6 19. Kg2 Nb5 20. Be3 Ne7 21. a4 Nc7 22. g4 Ng6 23. Kg3 f6 24. gxf6 gxf6 25. f4 fxe5 26. dxe5 Qh4+ 27. Kf3 Nxe5+ 28. Ke2 Qxg4+ 29. Ke1 Nf3+ 30. Kf2 Rxf4 31. Bxf4 Qxf4 32. Qc1 Qf6 33. Qe3 Rf8 34. Kg3 d4 35. Qe4 Nd5 36. Nh2 Nxh2 37. Kxh2 Qh6+ 38. Kg1 Rf4 39. Qe5 Rg4+ 40. Kf2 Qh4+ 41. Ke2 Re4+ 0-1

[Event "December 5 Late 2023"]
[Site "https://www.chess.com"]
[Date "2023.12.05"]
[Round "1"]
[White "Svane, Rasmus"]
[Black "Sroczynski, Maciej"]
[Result "1-0"]
[Board "35"]
[TimeControl "180+1"]
[WhiteFideId "4657101"]
[BlackFideId "1121472"]
[WhiteElo "2932"]
[BlackElo "2466"]
[WhiteTeam "GER"]
[BlackTeam "POL"]
[WhiteClock "0:00:32"]
[BlackClock "0:00:10"]

1. Nf3 d5 2. g3 c6 3. Bg2 Nf6 4. O-O Bg4 5. h3 Bh5 6. d4 Nbd7 7. c4 e6 8. cxd5 exd5 9. Ne5 Bg6 10. Nc3 Bd6 11. f4 Be4 12. Nxe4 Nxe4 13. Bxe4 dxe4 14. Qb3 O-O 15. Qxb7 Nxe5 16. dxe5 Bc5+ 17. Kg2 Qd5 18. Qb3 Qxb3 19. axb3 Rab8 20. Ra4 e3 21. Rc4 Rb5 22. Rf3 Bb6 23. b4 c5 24. bxc5 Bxc5 25. Bxe3 Bxe3 26. Rxe3 Rxb2 27. Ra4 Rb7 28. Kf3 Ra8 29. Ra6 Kf8 30. g4 g6 31. e6 fxe6 32. Rexe6 Rc8 33. Re3 Rc4 34. Rea3 Rcc7 35. e4 Ke7 36. f5 gxf5 37. gxf5 Kf7 38. Kf4 h6 39. Rxh6 Kg7 40. Rha6 Rc2 41. Rxa7 Rxa7 42. Rxa7+ Kh6 43. h4 Rg2 44. e5 Rg4+ 45. Ke3 Rxh4 46. e6 Kg5 47. Rf7 Rh1 48. Ke4 Rd1 49. Ke5 Re1+ 50. Kd6 Kh6 51. e7 Rd1+ 52. Ke6 Re1+ 53. Kf6 Re2 54. Rf8 Kh7 55. e8=Q Rg2 56. Rh8# 1-0

[Event "December 5 Late 2023"]
[Site "https://www.chess.com"]
[Date "2023.12.05"]
[Round "1"]
[White "Koutlas, Nikolaos"]
[Black "Maksimovic, Bojan"]
[Result "0-1"]
[Board "36"]
[TimeControl "180+1"]
[WhiteFideId "25827138"]
[BlackFideId "14408120"]
[WhiteElo "2464"]
[BlackElo "2926"]
[WhiteTeam "GRE"]
[BlackTeam "BIH"]
[WhiteClock "0:02:12"]
[BlackClock "0:01:57"]

1. Nf3 g6 2. h4 Nf6 3. b3 Bg7 4. Bb2 d5 5. c4 c6 6. e3 Bg4 7. Be2 Nbd7 8. Nc3 O-O 9. Rc1 e5 10. d3 e4 11. Nd4 Bxe2 12. Qxe2 exd3 13. Qxd3 Ne5 14. Qe2 dxc4 15. Qxc4 Nxc4 0-1

[Event "December 5 Late 2023"]
[Site "https://www.chess.com"]
[Date "2023.12.05"]
[Round "1"]
[White "Kovalev, Vladislav"]
[Black "Mendoza, Rodrigo"]
[Result "1-0"]
[Board "37"]
[TimeControl "180+1"]
[WhiteFideId "13504398"]
[BlackFideId "3301931"]
[WhiteElo "2915"]
[BlackElo "2461"]
[WhiteTeam "FID"]
[BlackTeam "BOL"]
[WhiteClock "0:00:11"]
[BlackClock "0:00:00"]

1. e4 c6 2. Nf3 d5 3. d3 Bg4 4. Nbd2 e6 5. h3 Bh5 6. g4 Bg6 7. h4 h6 8. h5 Bh7 9. Rg1 Be7 10. Qe2 Nd7 11. Nb3 dxe4 12. dxe4 Ngf6 13. g5 Nxh5 14. Nfd4 Bg6 15. gxh6 Nf8 16. hxg7 Nxg7 17. Bf4 Qb6 18. O-O-O O-O-O 19. Be5 f6 20. Bg3 Bh5 21. f3 e5 22. Bh3+ Kb8 23. Nf5 Nxf5 24. Bxf5 Bf7 25. Rxd8+ Bxd8 26. Rd1 Ne6 27. Bf2 Qc7 28. Be3 Be7 29. Qc4 Ng5 30. Qa4 b6 31. Rd7 Rh1+ 32. Kd2 Rh2+ 33. Kc3 1-0

[Event "December 5 Late 2023"]
[Site "https://www.chess.com"]
[Date "2023.12.05"]
[Round "1"]
[White "Shton, Roman"]
[Black "Sjugirov, Sanan"]
[Result "0-1"]
[Board "38"]
[TimeControl "180+1"]
[WhiteFideId "14137461"]
[BlackFideId "4189302"]
[WhiteElo "2460"]
[BlackElo "2914"]
[WhiteTeam "UKR"]
[BlackTeam "HUN"]
[WhiteClock "0:00:00"]
[BlackClock "0:02:00"]

1. d4 Nf6 2. Nf3 d5 3. g3 g6 4. Bg2 Bg7 5. O-O O-O 6. c4 c6 7. cxd5 cxd5 8. Nc3 b6 9. Qb3 Bb7 10. Qa3 Nc6 11. Bf4 a6 12. b4 Ne4 13. Rfd1 a5 14. b5 Nb4 15. Rac1 Rc8 16. Ne5 Nxc3 17. Rxc3 Rxc3 18. Qxc3 Nxa2 19. Qb3 Nb4 20. Rc1 e6 21. h4 Qe7 22. Nd3 Rc8 23. Rxc8+ Bxc8 24. Nxb4 Qxb4 25. Qxb4 axb4 26. Bd2 Bxd4 27. Bxb4 Bd7 28. e3 Bc5 29. Bxc5 bxc5 30. b6 Bc6 31. Bf1 c4 32. Be2 Kf8 33. Kf1 Ke7 34. Ke1 Kd6 35. Kd2 Kc5 36. Kc3 e5 37. h5 d4+ 38. exd4+ exd4+ 39. Kd2 Bd5 40. hxg6 hxg6 41. f4 Kxb6 42. g4 Kc5 43. f5 g5 44. Bf1 Be4 45. Bh3 c3+ 46. Kc1 d3 47. f6 d2+ 48. Kd1 Bf3+ 0-1

[Event "December 5 Late 2023"]
[Site "https://www.chess.com"]
[Date "2023.12.05"]
[Round "1"]
[White "Rasulov, Vugar"]
[Black "Djabri, Massinas"]
[Result "1-0"]
[Board "39"]
[TimeControl "180+1"]
[WhiteFideId "13402390"]
[BlackFideId "7905726"]
[WhiteElo "2913"]
[BlackElo "2451"]
[WhiteTeam "AZE"]
[BlackTeam "ALG"]
[WhiteClock "0:01:49"]
[BlackClock "0:01:08"]

1. e4 c5 2. Nf3 d6 3. b3 Nf6 4. Bb5+ Bd7 5. Bxd7+ Qxd7 6. d3 Nc6 7. O-O h6 8. Bb2 e5 9. c3 d5 10. d4 dxe4 11. Nxe5 Nxe5 12. dxe5 Qxd1 13. Rxd1 Ng4 14. c4 e3 15. f3 Nf2 16. Rd5 g5 17. Nc3 g4 18. Re1 gxf3 19. Rxe3 Rg8 20. Rxf3 Ng4 21. h3 1-0

[Event "December 5 Late 2023"]
[Site "https://www.chess.com"]
[Date "2023.12.05"]
[Round "1"]
[White "Argandona Riveiro, Inigo"]
[Black "Zhigalko, Sergei"]
[Result "0-1"]
[Board "40"]
[TimeControl "180+1"]
[WhiteFideId "2212072"]
[BlackFideId "13502956"]
[WhiteElo "2450"]
[BlackElo "2910"]
[WhiteTeam "ESP"]
[BlackTeam "BLR"]
[WhiteClock "0:00:00"]
[BlackClock "0:00:03"]

1. Nf3 d5 2. c4 d4 3. e3 Nc6 4. b4 dxe3 5. fxe3 Nxb4 6. d4 e5 7. Nxe5 Qh4+ 8. g3 Qe4 9. Na3 Qxh1 10. Nb5 Bd6 11. Qa4 Nc6 12. Ba3 Nge7 13. Bxd6 cxd6 14. Nxd6+ Kf8 15. Nexf7 Qxh2 16. O-O-O Bg4 17. Nxh8 Bxd1 18. Qxd1 Kg8 19. Nhf7 Qxa2 20. Qf3 Rf8 21. c5 Nb4 22. Qe2 Qxe2 23. Bxe2 Rxf7 24. Bc4 Nbd5 25. Nxf7 Kxf7 26. e4 Ke6 27. exd5+ Nxd5 28. Kd2 b5 29. cxb6 axb6 30. Kd3 Kd6 31. Ke4 Ne7 32. Bb3 g6 33. Kf4 h6 34. Bf7 b5 35. g4 b4 36. Ke4 g5 0-1

[Event "December 5 Late 2023"]
[Site "https://www.chess.com"]
[Date "2023.12.05"]
[Round "1"]
[White "Melkumyan, Hrant"]
[Black "Kraiouchkine, Nikita"]
[Result "1-0"]
[Board "41"]
[TimeControl "180+1"]
[WhiteFideId "13302485"]
[BlackFideId "2607140"]
[WhiteElo "2906"]
[BlackElo "2449"]
[WhiteTeam "ARM"]
[BlackTeam "CAN"]
[WhiteClock "0:00:35"]
[BlackClock "0:00:02"]

1. e4 e5 2. Nf3 Nc6 3. Bb5 f5 4. Nc3 fxe4 5. Nxe4 d5 6. Ng3 Bg4 7. O-O Nf6 8. Qe1 Bxf3 9. Bxc6+ bxc6 10. Qxe5+ Be7 11. gxf3 O-O 12. d4 Qd7 13. Qf5 Qxf5 14. Nxf5 Rae8 15. Bg5 g6 16. Nxe7+ Rxe7 17. Rfe1 Ref7 18. Re6 Nh5 19. Bh6 Rb8 20. Rae1 Rf5 21. Rxc6 Rxf3 22. Rxc7 Rf7 23. Rc5 Rd7 24. b3 Nf6 25. f3 Kf7 26. Bg5 Ne8 27. Rc6 Nc7 28. c4 dxc4 29. Bf4 Rb7 30. bxc4 Ne8 31. Be5 Rb2 32. Ra6 Rc2 33. c5 Ng7 34. c6 Rd5 1-0

[Event "December 5 Late 2023"]
[Site "https://www.chess.com"]
[Date "2023.12.05"]
[Round "1"]
[White "Dzida, Kamil"]
[Black "Dardha, Daniel"]
[Result "0-1"]
[Board "42"]
[TimeControl "180+1"]
[WhiteFideId "21828652"]
[BlackFideId "240990"]
[WhiteElo "2446"]
[BlackElo "2891"]
[WhiteTeam "POL"]
[BlackTeam "BEL"]
[WhiteClock "0:00:09"]
[BlackClock "0:01:12"]

1. d4 d5 2. c4 c6 3. Nf3 Nf6 4. Nc3 a6 5. c5 Nbd7 6. Bf4 Nh5 7. Bd2 Nhf6 8. Bf4 Nh5 9. Bd2 Qc7 10. e3 Nhf6 11. b4 e5 12. Nxe5 Nxe5 13. dxe5 Qxe5 14. Be2 g6 15. O-O Bg7 16. Bf3 O-O 17. Rc1 h5 18. Ne2 Bg4 19. Bc3 Qe7 20. Bxg4 Nxg4 21. Bxg7 Kxg7 22. h3 Nf6 23. Nd4 Ne4 24. a4 Qf6 25. Qd3 Rfe8 26. f3 Ng3 27. Rfe1 h4 28. Rc2 Re7 29. b5 axb5 30. axb5 Ra4 31. Ne2 Nf5 32. bxc6 bxc6 33. Nc3 Rc4 34. e4 Nd4 35. Rcc1 Nb3 36. Rc2 Nxc5 37. Qd2 dxe4 38. Nxe4 Nxe4 39. fxe4 Rcxe4 40. Rxe4 Rxe4 41. Qd3 Qa1+ 42. Kh2 Qe5+ 43. Kh1 Re1+ 44. Qf1 Rxf1# 0-1

[Event "December 5 Late 2023"]
[Site "https://www.chess.com"]
[Date "2023.12.05"]
[Round "1"]
[White "Demchenko, Anton"]
[Black "Rama, Tejas"]
[Result "1-0"]
[Board "43"]
[TimeControl "180+1"]
[WhiteFideId "4160258"]
[BlackFideId "30907381"]
[WhiteElo "2889"]
[BlackElo "2446"]
[WhiteTeam "SLO"]
[BlackTeam "USA"]
[WhiteClock "0:00:26"]
[BlackClock "0:00:33"]

1. e4 e5 2. Nf3 Nc6 3. Bc4 Bc5 4. d3 Nf6 5. Bg5 h6 6. Bh4 Be7 7. Bg3 d6 8. a4 O-O 9. h3 Be6 10. Bxe6 fxe6 11. c3 Qc8 12. Nbd2 Nh5 13. Nxe5 Nxg3 14. Nxc6 Bh4 15. Ne7+ Bxe7 16. fxg3 Qe8 17. Qg4 Bg5 18. Nf3 Be3 19. h4 h5 20. Qh3 Qg6 21. Ke2 Bh6 22. Raf1 Rf6 23. Nd4 Raf8 24. Rxf6 Rxf6 25. Rf1 Rxf1 26. Kxf1 Kf7 27. Ke2 Bc1 28. Nf3 Qh6 29. Kf1 Bxb2 30. Ng5+ Ke7 31. c4 Bf6 32. Qxe6+ 1-0

[Event "December 5 Late 2023"]
[Site "https://www.chess.com"]
[Date "2023.12.05"]
[Round "1"]
[White "Filipovic, Slobodan J"]
[Black "Ashraf, Artin"]
[Result "0-1"]
[Board "44"]
[TimeControl "180+1"]
[WhiteFideId "939633"]
[BlackFideId "22514805"]
[WhiteElo "2445"]
[BlackElo "2886"]
[WhiteTeam "SRB"]
[BlackTeam "IRI"]
[WhiteClock "0:00:16"]
[BlackClock "0:00:08"]

1. c4 g6 2. d4 Nf6 3. Nc3 d5 4. cxd5 Nxd5 5. e4 Nxc3 6. bxc3 Bg7 7. Nf3 c5 8. Bb5+ Nc6 9. O-O O-O 10. Bxc6 bxc6 11. h3 Qa5 12. Qc2 cxd4 13. cxd4 c5 14. Be3 cxd4 15. Bxd4 e5 16. Bc3 Qc5 17. Qb2 Re8 18. Qb4 Qxb4 19. Bxb4 Bb7 20. Rfe1 Rac8 21. Nd2 Rc2 22. a3 Ra8 23. Rac1 Rac8 24. Rxc2 Rxc2 25. f3 Bc6 26. Nb3 Bf8 27. Rc1 Rxc1+ 28. Nxc1 Bh6 29. Nd3 f6 30. Kf2 Bb5 31. Nc5 Kf7 32. Nb3 Bc4 33. Bd2 Bf8 34. Na5 Bb5 35. Bb4 Bh6 36. Nb3 Ke8 37. Bc5 a6 38. Be3 Bg7 39. Nc5 Bf8 40. g4 g5 41. Kg3 Be2 42. Kf2 Bc4 43. Kg3 Kd8 44. h4 h6 45. hxg5 hxg5 46. Kf2 Kc7 47. Na4 Bxa3 48. Nc3 Kc6 49. Ke1 Bb4 50. Kd2 a5 51. Kc2 Bc5 52. Bd2 Bd4 53. Na4 Be2 54. Bxa5 Bxf3 55. Kd3 Kb5 56. Bd8 Kxa4 57. Bxf6 Bxg4 58. Bxg5 Bd7 59. Be7 Bb5+ 60. Kd2 Kb3 61. Bd6 Bf1 62. Bb8 Kc4 63. Bd6 Kb5 64. Bb8 Kc6 65. Ke1 Bd3 66. Kd2 Bxe4 67. Bxe5 Bxe5 68. Ke2 Kd5 69. Kd2 Kd4 70. Ke2 Bg3 71. Kd2 Bf3 72. Kc2 Kc4 73. Kd2 Bf2 74. Kc2 Be3 75. Kb2 Kb4 76. Kc2 Be2 77. Kb2 Bd3 78. Ka2 Kc3 79. Ka3 Bb5 80. Ka2 Kc2 81. Ka3 Bc5+ 82. Ka2 Bc4+ 83. Ka1 Bd4# 0-1

[Event "December 5 Late 2023"]
[Site "https://www.chess.com"]
[Date "2023.12.05"]
[Round "1"]
[White "Popov, Konstantin"]
[Black "Wanyama, Harold"]
[Result "0-1"]
[Board "45"]
[TimeControl "180+1"]
[WhiteFideId "34137910"]
[BlackFideId "10000380"]
[WhiteElo "2885"]
[BlackElo "2445"]
[WhiteTeam "FID"]
[BlackTeam "UGA"]
[WhiteClock "0:01:25"]
[BlackClock "0:01:41"]

1. e4 c5 2. Nf3 e6 3. d4 cxd4 4. Nxd4 Nc6 5. Nc3 Qc7 6. Nxc6 bxc6 7. Bd3 Nf6 8. Qe2 d5 9. exd5 cxd5 10. Nb5 Qb8 11. g3 Nd7 12. Bf4 e5 13. O-O Be7 14. Rfe1 a6 15. Nc3 d4 16. Nd5 Bd6 17. Qg4 Kf8 18. Qh4 Bb7 19. Bc4 exf4 20. Re7 Bxd5 21. Rxd7 Bxc4 22. Rd1 Be6 0-1

[Event "December 5 Late 2023"]
[Site "https://www.chess.com"]
[Date "2023.12.05"]
[Round "1"]
[White "Matrix3x3a"]
[Black "Bazeev, German"]
[Result "1/2-1/2"]
[Board "46"]
[TimeControl "180+1"]
[BlackFideId "24119350"]
[WhiteElo "2442"]
[BlackElo "2874"]
[BlackTeam "RUS"]
[WhiteClock "0:01:16"]
[BlackClock "0:00:09"]

1. d4 Nf6 2. c4 e6 3. Nf3 b6 4. g3 Bb7 5. Bg2 Bb4+ 6. Bd2 c5 7. Bxb4 cxb4 8. O-O a5 9. a3 Na6 10. Nbd2 O-O 11. Qc2 d6 12. e4 Qc7 13. Rfe1 e5 14. d5 Nd7 15. a4 Nac5 16. b3 g6 17. Nh4 Rae8 18. Nf1 Bc8 19. Ne3 Nf6 20. Rf1 Ng4 21. Nxg4 Bxg4 22. f3 Bd7 23. f4 f5 24. exf5 Bxf5 25. Nxf5 Rxf5 26. Bh3 Rf7 27. fxe5 Rxe5 28. Rxf7 Qxf7 29. Rf1 Qe7 30. Bg4 Re1 31. Bd1 Rxf1+ 32. Kxf1 Qf6+ 33. Kg2 Kg7 34. Qf2 Qxf2+ 35. Kxf2 Kf6 36. Ke3 Ke5 37. Bc2 Nd7 38. g4 Nf8 39. h4 h6 40. Be4 g5 41. hxg5 hxg5 42. Bf5 Kf6 43. Ke4 Ng6 44. Bxg6 Kxg6 45. Kd4 Kf6 46. Ke4 Kg6 47. Kd4 Kf6 48. Ke4 Kg6 1/2-1/2